 Dungeon Crawl Stone Soup version 0.29-a0-541-gaf1fc19f1b (webtiles) character file.

Game seed: 2953561555989244039

150 Charly the Skirmisher (level 5, -6/48 HPs)
             Began as a Meteoran Wanderer on June 2, 2022.
             Mangled by a gnoll
             ... wielding a +0 flail
              (11 damage)
             ... on level 4 of the Dungeon.
             The game lasted 00:16:16 (903 turns).

Charly the Skirmisher (Meteoran Wanderer)            Turns: 903, Time: 00:16:17

Health: -6/48      AC: 10    Str: 14    XL:     5   Next: 90%
Magic:  8/8        EV: 10    Int: 12    God:
Gold:   197        SH:  0    Dex: 16    Spells: 6/6 levels left

rFire   . . .      SeeInvis .   b - +0 spear
rCold   . . .      Faith    .   (no shield)
rNeg    . . .      Spirit   .   t - +1 scale mail
rPois   .          Reflect  .   (no helmet)
rElec   .          Harm     .   (no cloak)
rCorr   .          Rampage  .   v - +2 pair of gloves
Will    .....                   (no boots)
Stlth   +.........              (no amulet)
HPRegen 0.16/turn               (no ring)
MPRegen 0.11/turn               (no ring)

@: glowing
A: sense surroundings 1, otherworldly, glowing, explore regen
a: no special abilities


You were on level 4 of the Dungeon.
You visited 1 branch of the dungeon, and saw 4 of its levels.

You collected 197 gold pieces.

Inventory:

Hand Weapons
 a - a +0 dagger
 b - a +0 spear (weapon)
Armour
 e - a +0 pair of gloves
 g - a +0 robe
 l - a +0 ring mail
 t - a +1 scale mail (worn)
 v - a +2 pair of gloves (worn)
Scrolls
 i - a scroll of noise {unknown}
 k - 2 scrolls of vulnerability
 m - a scroll of fog {unknown}
 n - a scroll of enchant armour
 r - 2 scrolls of identify {unknown}
 w - a scroll of poison {unknown}
 y - a scroll of magic mapping {unknown}
Potions
 f - a potion of lignification
 h - a potion of curing {unknown}
 j - 4 potions of invisibility {unknown}
 o - a potion of attraction {unknown}
 p - 2 potions of haste {unknown}
 q - a potion of degeneration {unknown}
 s - a potion of heal wounds {unknown}
 x - a potion of brilliance {unknown}


   Skills:
 + Level 5.1 Fighting
 - Level 1.2 Polearms
 - Level 2.0 Throwing
 - Level 2.4 Dodging
 - Level 3.7 Stealth
 - Level 1.3 Spellcasting


You had 6 spell levels left.
You didn't know any spells.
Your spell library contained the following spells:

 Spells                   Type           Power      Damage    Failure   Level
 Alistair's Intoxication  Tmut/Pois      0%         N/A       100%        5
 Borgnjor's Vile Clutch   Necr/Erth      0%         N/A       100%        5
 Eringya's Noxious Bog    Tmut/Pois      0%         N/A       100%        6


Dungeon Overview and Level Annotations

Branches:
Dungeon (4/15)
 Temple: D:4-7

Altars:
Trog

Shops:
D:2 (


Innate Abilities, Weirdness & Mutations

You passively map a small area around you.
You are easily found by Zot.
You glow in the dark.
You regain HP and MP as you explore.


Message History

You kill the giant cockroach!
Your Fighting skill increases to level 5!
Throw: dart (datura)
Press: ? - help, Q - select action, (/) - cycle Shift-Dir - straight line, f - gnoll
Aim: a gnoll, wielding a +0 spear (66% to hit, chance to frenzy on hit: 100%)
You throw a datura-tipped dart. The datura-tipped dart hits the gnoll.
The gnoll flies into a frenzy!
The gnoll hits you with a +0 flail! The gnoll attacks as you move away!
The gnoll hits you with a +0 flail!
The gnoll hits the gnoll with a +0 flail!
The gnoll dies!
Okay, then.
Okay, then.
Okay, then.
Throw: 2 darts (atropa)
Press: ? - help, Q - select action Shift-Dir - straight line, f - gnoll
Aim: a gnoll, wielding a +0 flail (fast, strong, frenzied and insane, 66% to hit, chance to blind on hit: 100%)
You throw an atropa-tipped dart. The atropa-tipped dart hits the gnoll.
The gnoll appears confused.
The gnoll shouts!
The gnoll seems less confused.
Things that are here:
a datura-tipped dart; a giant cockroach corpse The gnoll closely misses you.
The gnoll is no longer blind.
The gnoll barely misses you.
Throw: dart (atropa)
Press: ? - help, Q - select action Shift-Dir - straight line, f/p - gnoll
Aim: a gnoll, wielding a +0 flail (fast, strong, frenzied and insane, 66% to hit, chance to blind on hit: 100%)
You throw an atropa-tipped dart.
The atropa-tipped dart closely misses the gnoll.
The gnoll hits you with a +0 flail! The gnoll attacks as you move away!
The gnoll hits you with a +0 flail!
* * * LOW HITPOINT WARNING * * *
The gnoll shouts!
The gnoll hits you but does no damage.
The gnoll shouts!
The gnoll closely misses you.
There is a stone staircase leading up here.
The gnoll attacks as you move away! The gnoll hits you with a +0 flail!
You die...

, ..# ##.......# ....##
#.(#.....# ......##
###(## #####
..#...######(.)#
............#.## ,
#.........#.####
#............|.# ...*
#........g...#[##* , ,..
#........@....... , *#.
#.........#...### ,
##.#####.........##.....
,
...<........†.....#.....
..................#.....
.##...........!.........
#.......##.#.##..#...##
...#.###.##.#.##..#...*,
,, .. #........#.# ..#
.. , ,


You could see a neutral gnoll (fast, strong, insane).

Vanquished Creatures
  A hound (D:3)
  An iguana (D:4)
  4 adders (D:2)
  2 dart slugs
  A bat (D:2)
  6 endoplasms
  6 giant cockroaches
  8 goblins
  3 hobgoblins
  4 kobolds
  2 quokkas
  3 ball pythons
  2 frilled lizards (D:1)
  2 rats (D:2)
45 creatures vanquished.

Vanquished Creatures (collateral kills)
  A gnoll (D:4)
1 creature vanquished.

Grand Total: 46 creatures vanquished

Notes
Turn   | Place    | Note
-------+----------+-------------------------------------------
     0 | D:1      | Charly the Meteoran Wanderer began the quest for the Orb.
     0 | D:1      | Charly set off with the following items: a +0 dagger, 2
                  | atropa-tipped darts, a datura-tipped dart, a +0 spear, a +0
                  | pair of gloves, a potion of lignification, a +0 robe
     0 | D:1      | Reached XP level 1. HP: 16/16 MP: 3/3
    32 | D:1      | Found a faded altar of an unknown god.
    61 | D:1      | Reached XP level 2. HP: 24/24 MP: 5/5
    69 | D:1      | Reached skill level 2 in Fighting
   205 | D:2      | Reached skill level 1 in Throwing
   205 | D:2      | Reached XP level 3. HP: 29/30 MP: 6/6
   433 | D:2      | Reached skill level 3 in Fighting
   451 | D:3      | Reached XP level 4. HP: 35/38 MP: 7/7
   579 | D:2      | Found Baisac's Weapon Shop.
   727 | D:2      | Reached skill level 4 in Fighting
   773 | D:4      | Reached XP level 5. HP: 46/46 MP: 8/8
   777 | D:4      | Noticed an ogre
   777 | D:4      | Noticed an ogre
   863 | D:4      | Found a bloodstained altar of Trog.
   890 | D:4      | Reached skill level 5 in Fighting
   903 | D:4      | Mangled by a gnoll

Illustrated notes

Levels and vault maps discovered:
D:1:      matt_arrival_diagonals, layout_basic, basic_ecumenical_altar,
          grunt_decor_resistance, hangedman_decor_push
D:2:      layout_basic, serial_shops, shop, minmay_cupped
D:3:      layout_rooms, nicolae_overflow_hidden_temple
D:4:      layout_rooms, kennysheep_little_box, mainiacjoe_overflow_24_doors,
          mainiacjoe_overflow_small_starburst, serial_shops,
          nicolae_shop_temple_entry_statues_fountains, uniq_ijyb, uniq_sigmund

Skill      XL: |  1  2  3  4  5 |
---------------+----------------+-----
Fighting       | 2 3 4 5 |  5.1
Throwing       | 1 2 |  2.0
Polearms       | |  1.2
Dodging        | |  2.4
Stealth        | |  3.7
Spellcasting   | |  1.3

Action                   |  1- 3 |  4- 6 || total
-------------------------+-------+-------++-------
Melee: Spear             |    83 |   118 ||   201
Throw: Dart              |     4 |    11 ||    15
  Use: Scroll            |     1 |     1 ||     2
Armor: Robe              |     9 |       ||     9
       Ring mail         |    26 |     1 ||    27
       Scale mail        |       |    71 ||    71
Dodge: Dodged            |    32 |    55 ||    87

Table legend: (Time is in decaauts)
 A = Elapsed time spent in this place.
 B = Non-inter-level travel time spent in this place.
 C = Inter-level travel time spent in this place.
 D = Time resting spent in this place.
 E = Time spent auto-exploring this place.
 F = Levels seen in this place.
 G = Mean time per level.
                   A        B        C        D        E       F      G
               +--------+--------+--------+--------+--------+-----+--------+
         Total |    910 |    910 |      0 |      0 |      0 |   4 |  227.5 |
       Dungeon |    910 |    910 |      0 |      0 |      0 |   4 |  227.5 |
               +--------+--------+--------+--------+--------+-----+--------+

Top non-repeatable levels by time:
     D:2: 377 daAuts
     D:1: 225 daAuts
     D:3: 219 daAuts
     D:4: 88 daAuts
